 Dungeon Crawl Stone Soup version 0.23.2-1-ga50397a6bc (webtiles) character file.

Game seed: 5268832942696172213

2172 Mrkan the Grappler (level 9, -6/96 HPs)
             Began as a Troll Monk on May 22, 2019.
             Was a Follower of Ru.
             Mangled by Harold
             ... wielding a +0 flail
              (16 damage)
             ... on level 7 of the Dungeon.
             The game lasted 00:09:59 (4479 turns).

Mrkan the Grappler (Troll Monk)                     Turns: 4479, Time: 00:09:59

Health: -6/96      AC:  6    Str: 21      XL:     9   Next: 11%
Magic:  8/8        EV: 11    Int:  6      God:    Ru [*.....]
Gold:   170        SH:  0    Dex: 21 (22) Spells: 8/8 levels left

rFire    . . .     SeeInvis .   p - +5 whip "Ideh" {vamp, Dex+7}
rCold    . . .     Gourm    +   (no shield)
rNeg     . . .     Faith    .   a - +0 robe
rPois    .         Spirit   .   (helmet restricted)
rElec    .         Reflect  .   (no cloak)
rCorr    .         Harm     .   (gloves unavailable)
MR       .....                  (boots unavailable)
Stlth    ++........             (no amulet)
HPRegen  0.66/turn              (no ring)
MPRegen  0.11/turn              (no ring)

@: no status effects
A: large, unfitting armour, claws 3, fast metabolism 3, gourmand, regeneration
1, shaggy fur 1, tough skin 3, hated by all
a: Renounce Religion


You were on level 7 of the Dungeon.
You worshipped Ru.
Ru was aware of your devotion.
You were not hungry.

You visited 2 branches of the dungeon, and saw 8 of its levels.

You collected 170 gold pieces.

Inventory:

Hand Weapons
 o - the +6 shillelagh "Devastator" {shatter}
   (You found it on level 4 of the Dungeon)
 p - the +5 whip "Ideh" (weapon) {vamp, Dex+7}
   (You found it on level 4 of the Dungeon)

   It inflicts no extra harm, but heals its wielder when it wounds a living foe.
   It affects your dexterity (+7).
Missiles
 f - 2 throwing nets (quivered)
Armour
 a - a +0 robe (worn)
Wands
 s - a wand of paralysis (8)
Scrolls
 c - a scroll of enchant weapon {unknown}
 e - 4 scrolls of teleportation
 g - 6 scrolls of remove curse {unknown}
 j - a scroll of blinking {unknown}
 k - a scroll of immolation {unknown}
 l - 3 scrolls of identify
 n - 2 scrolls of fear {unknown}
 r - a scroll of fog {unknown}
Potions
 d - a potion of cancellation {unknown}
 h - 5 potions of heal wounds {unknown}
 i - 5 potions of might {unknown}
 m - 4 potions of degeneration {unknown}
 q - a potion of haste {unknown}
 t - 2 potions of curing {unknown}
 u - a potion of flight {unknown}
Comestibles
 b - 7 rations


   Skills:
 * Level 7.8 Fighting
 - Level 2.4 Dodging
 - Level 1.0 Stealth
 - Level 8.9 Unarmed Combat


You had 8 spell levels left.
You didn't know any spells.
Your spell library contained the following spells:

 Spells                   Type           Power        Failure   Level  Hunger
 Magic Dart               Conj           #...         45%         1    ##.....
 Shock                    Conj/Air       #...         45%         1    ##.....
 Blink                    Tloc           N/A          58%         2    ###....
 Slow                     Hex            #.......     58%         2    ###....
 Swiftness                Chrm/Air       #.......     58%         2    ###....
 Conjure Flame            Conj/Fire      #.......     83%         3    ####...
 Mephitic Cloud           Conj/Pois/Air  #.......     83%         3    ####...
 Static Discharge         Conj/Air       #.......     83%         3    ####...
 Airstrike                Air            #.........   99%         4    #####..
 Lightning Bolt           Conj/Air       #.........   100%        5    ######.
 Call Imp                 Summ           Unusable     N/A         2    N/A

Dungeon Overview and Level Annotations

Branches:
Dungeon (7/15)             Temple (1/1) D:6

Altars:
Cheibriados
Dithmenos
Elyvilon
Gozag
Hepliaklqana
Kikubaaqudgha
Makhleb
Nemelex Xobeh
Okawaru
Ru
Sif Muna
Trog
Vehumet
Wu Jian
Yredelemnul

Portals:
Ossuary: D:5

Annotations:
D:7 Harold


Innate Abilities, Weirdness & Mutations

You are too large for most types of armour.
You have claws for hands.
Your metabolism is lightning-fast.
You like to eat raw meat.
Your natural rate of healing is unusually fast.
You are covered in fur. (AC +1)
You have extremely tough skin. (AC +3)
You are hated by all.


Message History

* * * LOW HITPOINT WARNING * * *
You hit Harold.
Harold is moderately wounded.
The quasit bites you but does no damage.
The quasit misses you.
The quasit claws you but does no damage.
Harold hits you with a +0 flail!
* * * LOW HITPOINT WARNING * * *
The quasit closely misses you.
The quasit claws you but does no damage.
The quasit closely misses you. The quasit barely misses you.
The quasit claws you.
* * * LOW HITPOINT WARNING * * *
The quasit barely misses you. The quasit closely misses you.
The quasit claws you but does no damage.
The quasit claws you.
* * * LOW HITPOINT WARNING * * *
Harold hits you with a +0 flail!
You die...

...# ## #..# ##.# #..#
### ##...# #..# ..
##..... #..# # . .......
#..#.# # #.....##..#.# #
##...s@5....# #.###
........@..### #....
......##...##############
###### #..........^....#
#....#(########.##
#......(.....)...#
#.###.#######(.... #.#
#.# #...... #.# #.#
#...... #. #.# #......


You could see Harold, a scorpion and a quasit.

Vanquished Creatures
  Grinder (D:6)
  Sigmund (D:2)
  Menkaure (D:6)
  A soldier ant (D:7)
  Duvessa (D:6)
  An orc warrior (D:3)
  An eye of draining (D:7)
  An ogre (D:4)
  A centaur (D:7)
  Blork the orc (D:4)
  Dowan (D:6)
  2 scorpions
  A water moccasin skeleton (D:7)
  A howler monkey (D:5)
  3 wights (D:6)
  2 crimson imps
  3 orc wizards
  3 orc priests
  3 iron imps (D:3)
  Terence (D:3)
  An iguana (D:4)
  Natasha (twice) (D:2)
  3 worker ants
  A killer bee zombie (D:6)
  11 adders
  A shadow imp (D:7)
  2 oozes (D:1)
  An adder skeleton (D:4)
  2 worms
  2 leopard geckos
  23 orcs
  2 ball pythons (D:1)
  4 bats
  6 giant cockroaches
  5 goblins
  6 hobgoblins
  7 jackals
  5 quokkas
  6 frilled lizards
  A jackal skeleton (D:4)
  12 kobolds
  A leopard gecko skeleton (D:4)
  A leopard gecko zombie (D:5)
  A quokka skeleton (D:6)
  6 rats
142 creatures vanquished.

Notes
Turn   | Place    | Note
-------+----------+-------------------------------------------
     0 | D:1      | Mrkan the Troll Monk began the quest for the Orb.
     0 | D:1      | Reached XP level 1. HP: 22/22 MP: 0/0
   117 | D:1      | Reached XP level 2. HP: 27/29 MP: 1/1
   204 | D:1      | Reached skill level 4 in Unarmed Combat
   324 | D:1      | Reached XP level 3. HP: 36/36 MP: 2/2
   886 | D:2      | Found a hazy altar of Hepliaklqana.
  1090 | D:2      | Noticed Natasha
  1097 | D:2      | Killed Natasha
  1097 | D:2      | Reached skill level 5 in Unarmed Combat
  1097 | D:2      | Reached XP level 4. HP: 29/44 MP: 3/3
  1199 | D:2      | Noticed Sigmund
  1207 | D:2      | Killed Sigmund
  1207 | D:2      | Reached skill level 6 in Unarmed Combat
  1207 | D:2      | Reached XP level 5. HP: 45/50 MP: 4/4
  1207 | D:2      | Reached XP level 6. HP: 53/59 MP: 5/5
  1291 | D:2      | Noticed Natasha
  1299 | D:2      | Killed Natasha
  1299 | D:2      | Reached skill level 7 in Unarmed Combat
  1461 | D:3      | Noticed Terence
  1470 | D:3      | Killed Terence
  1583 | D:3      | Found a burning altar of Makhleb.
  1714 | D:3      | Noticed an orc warrior
  1741 | D:3      | Killed an orc warrior
  1741 | D:3      | Reached skill level 8 in Unarmed Combat
  1741 | D:3      | Reached XP level 7. HP: 25/66 MP: 6/6
  2095 | D:3      | Found a faded altar of an unknown god.
  2123 | D:4      | Noticed Blork the orc
  2129 | D:4      | Killed Blork the orc
  2161 | D:4      | Found the +6 shillelagh "Devastator" {shatter}
  2219 | D:4      | Got a polished whip
  2234 | D:4      | Identified the +5 whip "Ideh" {vamp, Dex+7} (You found it
                  | on level 4 of the Dungeon)
  2989 | D:5      | Entered Level 5 of the Dungeon
  3033 | D:5      | Reached XP level 8. HP: 78/78 MP: 7/7
  3124 | D:5      | Found a sand-covered staircase.
  3263 | D:5      | You fall through a shaft!
  3263 | D:6      | Noticed Menkaure
  3272 | D:6      | Killed Menkaure
  3272 | D:6      | Reached skill level 5 in Fighting
  3395 | D:6      | Found a staircase to the Ecumenical Temple.
  3408 | Temple   | Entered the Ecumenical Temple
  3468 | Temple   | Became a worshipper of Ru the Awakened
  3479 | Temple   | Gained mutation: You are hated by all. [Ru sacrifice]
  3479 | Temple   | Reached * piety under Ru
  3635 | D:6      | Found an iron altar of Okawaru.
  3715 | D:6      | Noticed Dowan
  3716 | D:6      | Noticed Duvessa
  3740 | D:6      | Killed Duvessa
  3758 | D:6      | Killed Dowan
  3825 | D:6      | Found a shadowy altar of Dithmenos.
  3825 | D:6      | Found a white marble altar of Elyvilon.
  3919 | D:6      | Noticed Grinder
  3923 | D:6      | Paralysed by Grinder for 4 turns
  3937 | D:6      | Killed Grinder
  4405 | D:7      | Reached XP level 9. HP: 53/93 MP: 0/8
  4429 | D:7      | Noticed Harold
  4479 | D:7      | Mangled by Harold

Skill      XL: |  1  2  3  4  5  6  7  8 |
---------------+-------------------------+-----
Unarmed Combat | 4 5 6 8 |  8.9
Fighting       | 4 7 |  7.8
Dodging        | |  2.4
Stealth        | |  1.0

Action                   |  1- 3 |  4- 6 |  7- 9 || total
-------------------------+-------+-------+-------++-------
Melee: Unarmed           |    95 |    90 |    43 ||   228
       Punch             |     1 |     3 |    19 ||    23
       Whip              |       |       |   258 ||   258
Invok: Sacrifice Love    |       |       |     1 ||     1
  Use: Scroll            |       |       |     2 ||     2
 Stab: Sleeping          |     2 |     1 |     3 ||     6
       Paralysed         |       |       |     7 ||     7
       Distracted        |       |       |     1 ||     1
  Eat: Chunk             |    12 |     9 |    20 ||    41
       Ration            |       |       |     1 ||     1
Armor: Robe              |    39 |    16 |    98 ||   153
Dodge: Dodged            |    49 |    38 |   161 ||   248
